 Dungeon Crawl Stone Soup version 0.20.0-15-g7f486f2 (webtiles) character file.

18 daftwullie the Skirmisher (level 2, 0/31 HPs)
             Began as an Ogre Warper on June 14, 2017.
             Succumbed to an adder's poison
             ... on level 2 of the Dungeon.
             The game lasted 00:06:08 (1170 turns).

daftwullie the Skirmisher (Ogre Warper)             Turns: 1170, Time: 00:06:09

Health: 0/31       AC:  3    Str: 14    XL:     2   Next: 66%
Magic:  1/5        EV: 10    Int: 14    God:
Gold:   22         SH:  0    Dex:  8    Spells: 2/6 levels left

rFire    . . .     SeeInvis .   a - +0 mace
rCold    . . .     Gourm    .   (no shield)
rNeg     . . .     Faith    .   b - +0 robe
rPois    .         Spirit   .   (helmet restricted)
rElec    .         Reflect  .   (no cloak)
rCorr    .         Harm     .   (gloves unavailable)
MR       .....                  (boots unavailable)
Stlth    +.........             (no amulet)
Regen    0.1/turn               g - ring of wizardry
MPRegen  0.1/turn               (no ring)

@: lethally poisoned (0 -> -5)
A: unfitting armour, tough skin 1
a: no special abilities


You were on level 2 of the Dungeon.
You were not hungry.

You visited 1 branch of the dungeon, and saw 2 of its levels.

You collected 22 gold pieces.

Inventory:

Hand Weapons
 a - a +0 mace (weapon)
Missiles
 e - 2 tomahawks of dispersal (quivered)
 i - 35 stones
Armour
 b - a +0 robe (worn)
Jewellery
 g - a ring of wizardry (left hand)
Scrolls
 d - a scroll of blinking
 h - a scroll of recharging {unknown}
 j - a scroll of fear {unknown}
 k - a scroll of teleportation {unknown}
Books
 c - a book of Spatial Translocations

   Spells                             Type                      Level
   a - Blink                          Translocation                2
   b - Shroud of Golubria             Charms/Translocation         2
   c - Lesser Beckoning               Translocation                3
   d - Gell's Gravitas                Translocation                3
   e - Teleport Other                 Translocation                3
   f - Passage of Golubria            Translocation                4
Comestibles
 f - 2 bread rations
 l - a chunk of flesh


   Skills:
 + Level 3.0 Fighting
 * Level 2.1 Maces & Flails
 * Level 1.4 Throwing
 - Level 2.1 Dodging
 * Level 2.7 Spellcasting
 + Level 2.7 Translocations


You had 2 spell levels left.
You knew the following spells:

 Your Spells              Type           Power        Failure   Level  Hunger
a - Shroud of Golubria    Chrm/Tloc      #.........   8%          2    ###....
b - Blink                 Tloc           N/A          4%          2    ###....


Dungeon Overview and Level Annotations

Branches:
Dungeon (2/15)

Altars:
Xom


Innate Abilities, Weirdness & Mutations

You are too large for most types of armour.
You have tough skin. (AC +1)


Message History

The adder misses you.
Cast which spell? (? or * to list)
You blink.
* * * LOW HITPOINT WARNING * * *
You feel sick. The goblin closely misses you.
Casting: Blink
Confirm with . or Enter, or press ? or * to list all spells.
You blink.
* * * LOW HITPOINT WARNING * * *
You feel sick.
Throwing (i - inventory. (,) - cycle):
e - 3 tomahawks of dispersal (quivered)
Press: ? - help, Shift-Dir - straight line, f/p - adder
Aim: an adder (translocational energy, heavily wounded)
You throw a tomahawk of dispersal.
The tomahawk of dispersal hits the adder.
The adder blinks!
You aren't carrying any potions.
* * * LOW HITPOINT WARNING * * *
You feel sick.
You die...

##.#........
#.#....# ##
#.##.###.. #.##.#
#.# #.##.# #.#
###.##.###.###
.#.......)<...##
#..........(.....#
#......##.###.#@.#
####.###...##.#..#
#.#.....ยง..<#..#
##.###...####..#
#...g.....#
#......._.#
#$.......##
..........#
...#.......##


There were no monsters in sight!

Vanquished Creatures
  A dart slug (D:1)
  2 giant cockroaches (D:1)
  3 goblins (D:1)
  2 hobgoblins
  A ball python (D:1)
  2 bats (D:1)
  2 frilled lizards (D:1)
  A kobold (D:1)
  A rat (D:1)
15 creatures vanquished.

Notes
Turn   | Place    | Note
-------+----------+-------------------------------------------
     0 | D:1      | daftwullie the Ogre Warper began the quest for the Orb.
     0 | D:1      | Reached XP level 1. HP: 22/22 MP: 3/3
   106 | D:1      | Reached XP level 2. HP: 29/29 MP: 5/5
   110 | D:1      | Learned a level 2 spell: Shroud of Golubria
   113 | D:1      | Learned a level 2 spell: Blink
  1010 | D:1      | Reached skill level 3 in Fighting
  1154 | D:2      | Found a shimmering altar of Xom.
  1168 | D:2      | HP: 1/31 [poisoned by an adder]
  1170 | D:2      | Succumbed to an adder's poison

Skill      XL: |  1  2 |
---------------+-------+-----
Maces & Flails | 2 |  2.1
Fighting       | 3 |  3.0
Throwing       | |  1.4
Dodging        | |  2.1
Spellcasting   | |  2.7
Translocations | |  2.7

Action                   || total
-------------------------++-------
Melee: Mace              ||    49
Throw: Stone             ||    52
       Tomahawk          ||     3
 Cast: Blink             ||     2
  Eat: Chunk             ||     1
Armor: Robe              ||    32
Dodge: Dodged            ||    47
